 Dungeon Crawl Stone Soup version 0.26-a0-1164-g1a551d6a14 (webtiles) character file.

Game seed: 9215895630208533595

2834 vvl the Cudgeller (level 9, -19/111 HPs)
             Began as a Demonspawn Fighter on Dec 23, 2020.
             Was a Follower of Kikubaaqudgha.
             Killed from afar by Maggie (30 damage)
             ... with a bolt of fire
             ... on level 7 of the Dungeon.
             The game lasted 00:30:21 (9670 turns).

vvl the Cudgeller (Demonspawn Fighter)              Turns: 9670, Time: 00:30:22

Health: -19/111    AC:  8    Str: 19    XL:     9   Next: 45%
Magic:  0/9        EV:  7    Int: 10    God:    Kikubaaqudgha [*.....]
Gold:   387        SH: 10    Dex: 13    Spells: 8/8 levels left

rFire    . . .     SeeInvis .   o - +3 whip (pain)
rCold    + . .     Faith    .   c - +0 kite shield
rNeg     . . .     Spirit   +   b - +0 scale mail
rPois    .         Reflect  .   (no helmet)
rElec    .         Harm     .   C - +0 cloak
rCorr    .         Rampage  .   (gloves unavailable)
Will     .....                  (no boots)
Stlth    ..........             n - amulet of the acrobat
HPRegen  0.28/turn              (no ring)
MPRegen  0.22/turn              t - ring of protection from cold

@: berserking, very quick
A: claws 3, demonic guardian 1, robust 1, magic shield, magic regeneration,
MP-powered wands
a: Renounce Religion, Receive Corpses


You were on level 7 of the Dungeon.
You worshipped Kikubaaqudgha.
Kikubaaqudgha was aware of your devotion.
You visited 2 branches of the dungeon, and saw 8 of its levels.

You collected 387 gold pieces.

Inventory:

Hand Weapons
 o - a +3 whip of pain (weapon)
 B - a +3 quarterstaff of chaos
 D - a +0 spectral quarterstaff
Armour
 b - a +0 scale mail (worn)
 c - a +0 kite shield (worn)
 C - a +0 cloak (worn)
Jewellery
 n - an amulet of the acrobat (around neck)
 t - a ring of protection from cold (right claw)
Wands
 i - a wand of disintegration (6)
 A - a wand of polymorph (9)
 E - a wand of digging (7)
Scrolls
 a - a scroll of magic mapping {unknown}
 f - 5 scrolls of remove curse
 j - a scroll of identify
 l - a scroll of fear {unknown}
 m - a scroll of random uselessness {unknown}
 q - a scroll of noise {unknown}
 s - 2 scrolls of immolation {unknown}
 u - 2 scrolls of fog
 y - a scroll of amnesia {unknown}
Potions
 d - a potion of might
 e - a potion of haste
 g - 3 potions of invisibility
 p - a potion of flight
 r - 2 potions of mutation
 v - 3 potions of brilliance
 w - 2 potions of heal wounds
 x - 3 potions of ambrosia


   Skills:
 - Level 5.1 Fighting
 * Level 7.6 Maces & Flails
 - Level 5.0 Armour
 - Level 5.0 Shields
 * Level 7.1 Necromancy


You had 8 spell levels left.
You didn't know any spells.
Your spell library contained the following spells:

 Spells                   Type           Power        Failure   Level
 Animate Skeleton         Necr           28%          21%         1
 Pain                     Necr           56%          21%         1
 Sublimation of Blood     Necr           7%           30%         2
 Vampiric Draining        Necr           7%           52%         3
 Magic Dart               Conj           0%           98%         1
 Blink                    Tloc           N/A          99%         2
 Call Imp                 Summ           0%           99%         2
 Slow                     Hex            0%           99%         2
 Conjure Flame            Conj/Fire      0%           100%        3
 Mephitic Cloud           Conj/Pois/Air  0%           100%        3


Dungeon Overview and Level Annotations

Branches:
Dungeon (7/15)             Temple (1/1) D:4

Altars:
Ashenzari
Dithmenos
Elyvilon
Fedhas
Gozag
Hepliaklqana
Kikubaaqudgha
Makhleb
Nemelex Xobeh
Okawaru
Qazlal
Ru
Sif Muna
Uskayaw
Vehumet
Xom
Yredelemnul
Zin
The Shining One

Annotations:
D:7 Maggie


Innate Abilities, Weirdness & Mutations

You have claws for hands.
A weak demonic guardian rushes to your aid.
When hurt, damage is shared between your health and your magic reserves.
You regenerate magic rapidly.
You are robust. (+10% HP)
You expend magic power (3 MP) to strengthen your wands.


Message History

You block the shadow imp's attack. You block the orc warrior's attack.
You hit the orc warrior.
The orc warrior writhes in agony.
The orc warrior is almost dead.
You closely miss the orc warrior.
The orc warrior is almost dead.
The shadow imp hits you.
* * * LOW HITPOINT WARNING * * *
The orc warrior hits you with a +0 short sword!
* * * LOW HITPOINT WARNING * * *
Maggie closely misses you.
You whack the orc warrior!
You kill the orc warrior!
Kikubaaqudgha accepts your kill. You block the shadow imp's attack.
You hit Maggie.
Maggie writhes in agony.
Maggie is severely wounded.
Maggie points at you and mumbles some strange words.
The bolt of fire hits you!!
You die...
Kikubaaqudgha rasps: "You have failed me!
Welcome... death!"

#################.#..#
#...# . #.#..# #...###
#.#..# #...... #.#..#
#.##..#### #.#..#
#.....# #.#..# #####.#
#.♣♣♣♣#.#..#######.####
#....5.)...............
.$♣♣♣@@.............###
#....)..............#
#.♣♣♣♣#.............#
#...(.........#
#.............#
#.........##.##
#.........##.#
#.........##.####
###................


You could see Maggie and a shadow imp.

Vanquished Creatures
  Joseph (D:7)
  Menkaure (D:7)
  A water moccasin (D:5)
  2 black bears (D:6)
  A phantom (D:5)
  An ice beast (D:7)
  2 orc warriors
  A necrophage (D:6)
  3 ogres
  5 centaurs
  3 bullfrogs
  2 scorpions (D:6)
  A bullfrog zombie (D:6)
  A centaur zombie (D:7)
  A hound (D:5)
  A jelly (D:7)
  Crazy Yiuf (D:6)
  2 orc wizards (D:4)
  2 iguanas (D:6)
  5 worker ants
  A hound skeleton (D:4)
  A howler monkey zombie (D:6)
  2 worker ant zombies (D:6)
  3 gnolls (D:7)
  12 adders
  A white imp (D:6)
  An ooze (D:3)
  2 adder skeletons (D:6)
  A worm (D:2)
  3 dart slugs
  7 leopard geckos
  10 orcs
  6 bats
  6 giant cockroaches
  7 goblins
  4 hobgoblins
  9 jackals
  7 kobolds
  3 quokkas
  A ball python (D:2)
  9 frilled lizards
  A leopard gecko zombie (D:5)
  9 rats
143 creatures vanquished.

Vanquished Creatures (collateral kills)
  A bullfrog (D:4)
  A howler monkey (D:4)
  An orc priest (D:4)
  An ufetubus (D:5)
  An orc (D:4)
  A giant cockroach (D:2)
  A hobgoblin (D:2)
  A quokka (D:3)
  A rat (D:2)
9 creatures vanquished.

Grand Total: 152 creatures vanquished

Notes
Turn   | Place    | Note
-------+----------+-------------------------------------------
     0 | D:1      | vvl the Demonspawn Fighter began the quest for the Orb.
     0 | D:1      | Reached XP level 1. HP: 18/18 MP: 1/1
   133 | D:1      | Gained mutation: When hurt, damage is shared between your
                  | health and your magic reserves. [demonic ancestry]
   133 | D:1      | Reached XP level 2. HP: 11/24 MP: 2/2
   753 | D:1      | Gained mutation: A weak demonic guardian rushes to your
                  | aid. [demonic ancestry]
   753 | D:1      | Reached XP level 3. HP: 27/29 MP: 3/3
  1613 | D:2      | Gained mutation: You have sharp fingernails. [demonic
                  | ancestry]
  1613 | D:2      | Reached XP level 4. HP: 28/35 MP: 4/4
  2317 | D:2      | Found an iron altar of Okawaru.
  2586 | D:3      | Reached skill level 1 in Necromancy
  2603 | D:3      | HP: 1/36 [poisoned by kobold (curare-tipped dart)]
  3090 | D:3      | Reached XP level 5. HP: 16/41 MP: 1/5
  3696 | D:4      | Gained mutation: You expend magic power (3 MP) to
                  | strengthen your wands. [potion of mutation]
  3696 | D:4      | Gained mutation: You are robust. (+10% HP) [potion of
                  | mutation]
  3894 | D:4      | Found a stormy altar of Qazlal.
  3894 | D:4      | Noticed an ogre
  3904 | D:4      | Killed an ogre
  3937 | D:4      | Gained mutation: You have very sharp fingernails. [demonic
                  | ancestry]
  3937 | D:4      | Reached XP level 6. HP: 42/52 MP: 4/6
  4606 | D:4      | Found a staircase to the Ecumenical Temple.
  4616 | D:4      | Gained mutation: You have claws for hands. [demonic
                  | ancestry]
  4616 | D:4      | Reached XP level 7. HP: 48/59 MP: 5/7
  4620 | Temple   | Entered the Ecumenical Temple
  4766 | Temple   | Became a worshipper of Kikubaaqudgha
  5292 | D:5      | Entered Level 5 of the Dungeon
  5852 | D:5      | Reached skill level 5 in Maces & Flails
  6452 | D:6      | Reached XP level 8. HP: 67/67 MP: 8/8
  6807 | D:6      | Reached skill level 5 in Fighting
  7115 | D:6      | Found a burning altar of Makhleb.
  7115 | D:6      | Noticed a balrug
  7118 | D:6      | Noticed a hellwing
  7118 | D:6      | Noticed a smoke demon
  7173 | D:6      | Reached * piety under Kikubaaqudgha
  7173 | D:6      | Identified Kikubaaqudgha's Disquisition on Evil Magic
                  | (Kikubaaqudgha gifted it to you on level 6 of the Dungeon)
  7173 | D:6      | Received a gift from Kikubaaqudgha
  7606 | D:6      | Reached skill level 5 in Armour
  7606 | D:6      | Reached skill level 5 in Shields
  7606 | D:6      | Reached skill level 5 in Necromancy
  7917 | D:6      | Found a runed translucent door.
  7918 | D:6      | Noticed Crazy Yiuf
  7926 | D:6      | Killed Crazy Yiuf
  7927 | D:6      | Gained mutation: You regenerate magic rapidly. [demonic
                  | ancestry]
  7927 | D:6      | Reached XP level 9. HP: 74/74 MP: 9/9
  8204 | D:6      | Found a blossoming altar of Fedhas.
  8477 | D:7      | Found a sparkling altar of Nemelex Xobeh.
  8482 | D:7      | Noticed Menkaure
  8493 | D:7      | Killed Menkaure
  8941 | D:7      | Noticed Joseph
  8962 | D:7      | Killed Joseph
  9651 | D:7      | Noticed Maggie
  9670 | D:7      | Killed from afar by Maggie

Illustrated notes

Levels and vault maps discovered:
D:1:      dpeg_arrival_erosion, layout_loops_corners, minmay_close_crescents
D:2:      minmay_evil_eye, layout_basic, okawaru_metal_pillars_1_2,
          minmay_randomly_rotated_circles
D:3:      layout_loops_cross
D:4:      layout_gridville, lemuel_crystal_altar,
          minmay_temple_entry_butterflies
D:5:      layout_gridville, hangedman_abyss_or_decor_lesser_grid
D:6:      minmay_inner_zag, layout_basic, makhleb_altar_promises_db,
          fedhas_altar_4, uniq_crazy_yiuf_cottage
D:7:      nzn_winding_woodlands_small [nzn_winding_woodlands_5x15_cabin,
          nzn_winding_woodlands_center_lodge,
          nzn_winding_woodlands_5x15_sidewinder], layout_basic,
          nemelex_lonely_heart_becter, uniq_joseph, uniq_menkaure, uniq_maggie
Temple:   eino_temple_scatter_basement

Skill      XL: |  1  2  3  4  5  6  7  8  9 |
---------------+----------------------------+-----
Maces & Flails | 2 3 4 5 6 7 |  7.6
Armour         | 3 4 5 |  5.0
Shields        | 3 4 5 |  5.0
Necromancy     | 1 2 3 5 7 |  7.1
Fighting       | 4 5 |  5.1

Action                   |  1- 3 |  4- 6 |  7- 9 || total
-------------------------+-------+-------+-------++-------
Melee: Flail             |    50 |       |       ||    50
       Whip              |   102 |   251 |   339 ||   692
  Use: Scroll            |       |     7 |     9 ||    16
       Potion            |       |     4 |     3 ||     7
Armor: Scale mail        |    81 |    64 |    85 ||   230
       Skin              |       |       |     6 ||     6
Dodge: Dodged            |    47 |   106 |    92 ||   245
Block: Kite shield       |    76 |   114 |   130 ||   320

Table legend: (Time is in decaauts)
 A = Elapsed time spent in this place.
 B = Non-inter-level travel time spent in this place.
 C = Inter-level travel time spent in this place.
 D = Time resting spent in this place.
 E = Time spent auto-exploring this place.
 F = Levels seen in this place.
 G = Mean time per level.
                   A        B        C        D        E       F      G
               +--------+--------+--------+--------+--------+-----+--------+
         Total |   9649 |   9225 |    424 |   1630 |   6354 |   8 | 1206.1 |
       Dungeon |   9469 |   9066 |    403 |   1630 |   6211 |   7 | 1352.7 |
        Temple |    180 |    159 |     21 |      0 |    143 |   1 |  180.0 |
               +--------+--------+--------+--------+--------+-----+--------+

Top non-repeatable levels by time:
     D:6: 1985 daAuts
     D:4: 1413 daAuts
     D:1: 1383 daAuts
     D:7: 1297 daAuts
     D:2: 1173 daAuts
     D:3: 1162 daAuts
     D:5: 1053 daAuts
  Temple: 180 daAuts
